 Dungeon Sprint DCSS version 0.30-a0-672-gc3a7216ad8 (webtiles) character file.

Game seed: 7593503706354021618

20186 rocky1 the Deadly Accurate (level 12, -5/103 HPs)
             Began as a Gnoll Wanderer on Jan 19, 2023.
             Was an Elder of Cheibriados.
             Killed from afar by a green draconian monk (13 damage)
             ... with a blast of poison
             ... in the Dungeon (Sprint VII: "The Pits").
             The game lasted 00:15:42 (3230 turns).

rocky1 the Deadly Accurate (Gnoll Wanderer)         Turns: 3230, Time: 00:15:42

Health: -5/103     AC: 12    Str: 23    XL:     12   Next: 76%
Magic:  30/30      EV: 21    Int: 26    God:    Cheibriados [****..]
Gold:   42         SH:  0    Dex: 21    Spells: 33/39 levels left

rFire   . . .      SeeInvis .    v - +1 broad axe (freeze)
rCold   + . .      Faith    .    (no shield)
rNeg    + . .      Spirit   .    n - +0 acid dragon scales
rPois   .          Reflect  .    (no helmet)
rElec   .          Harm     .    w - +0 cloak
rCorr   +          Rampage  .    x - +0 pair of gloves
Will    .....      NoTele   +    (no boots)
Stlth   +++++                    (no amulet)
HPRegen 0.37/turn                G - ring of positive energy
MPRegen 0.22/turn                I - ring of protection from cold

@: lethally poisoned (-5 -> -16), very slow
A: fangs 1, strong nose, distributed training
a: Renounce Religion, Bend Time, Temporal Distortion, Slouch


You were in the Dungeon.
You worshipped Cheibriados.
Cheibriados was greatly pleased with you.
You visited 1 branch You collected 42 gold pieces.

Inventory:

Hand Weapons
 a - a +2 vampiric scimitar
 m - a +2 dire flail of protection
 p - a +2 vampiric demon trident
 u - a +2 halberd of protection
 v - a +1 broad axe of freezing (weapon)
Missiles
 b - 10 poisoned darts (quivered)
Armour
 d - a +0 robe
 n - +0 acid dragon scales (worn)
 o - a +3 chain mail
 w - a +0 cloak (worn)
 x - a +0 pair of gloves (worn)
 y - a +4 chain mail
Jewellery
 q - a +3 ring of intelligence
 r - a +3 ring of strength
 G - a ring of positive energy (left hand)
 H - a ring of see invisible
 I - a ring of protection from cold (right hand)
 J - a ring of wizardry
Scrolls
 k - 5 scrolls of amnesia
 A - 3 scrolls of fear
 B - a scroll of fog
 D - 5 scrolls of enchant armour
 E - a scroll of identify
 F - a scroll of enchant weapon
Potions
 c - 4 potions of berserk rage
 e - 4 potions of curing
 f - 9 potions of heal wounds
 g - 3 potions of haste
 h - 3 potions of magic
 j - a potion of invisibility
 s - 5 potions of brilliance
 t - 3 potions of mutation
 z - 2 potions of attraction
Miscellaneous
 K - a phantom mirror


   Skills:
 + Level 12.6 Fighting
 + Level 12.6 Short Blades
 + Level 12.6 Long Blades
 + Level 12.6 Axes
 + Level 12.6 Maces & Flails
 + Level 12.6 Polearms
 + Level 12.6 Staves
 + Level 12.6 Ranged Weapons
 + Level 15.0 Throwing
 + Level 12.6 Armour
 + Level 12.6 Dodging
 + Level 12.6 Stealth
 + Level 12.6 Shields
 + Level 12.6 Unarmed Combat
 + Level 14.3 Spellcasting
 + Level 10.9 Conjurations
 + Level 11.3 Hexes
 + Level 10.7 Summonings
 + Level 10.7 Necromancy
 + Level 10.7 Translocations
 + Level 10.7 Transmutations
 + Level 10.7 Fire Magic
 + Level 10.7 Ice Magic
 + Level 10.7 Air Magic
 + Level 10.7 Earth Magic
 + Level 10.7 Poison Magic
 + Level 13.7 Invocations
 + Level 12.6 Evocations


You had 33 spell levels left.
You knew the following spells:

 Your Spells              Type           Power      Damage    Failure   Level
a - Slow                  Hex            100%       N/A       1%          1
b - Searing Ray           Conj           100%       2d8       1%          2
c - Tukima's Dance        Hex            67%        N/A       1%          3

Your spell library contained the following spells:

 Spells                   Type           Power      Damage    Failure   Level
 Apportation              Tloc           100%       N/A       1%          1
 Necrotise                Necr           100%       1d9       1%          1
 Summon Small Mammal      Summ           100%       N/A       1%          1
 Momentum Strike          Conj/Tloc      100%       3d10      1%          2
 Dazzling Flash           Conj/Hex       100%       N/A       1%          3


Dungeon Overview and Level Annotations

Branches:
Dungeon (1/1)

Altars:
Ashenzari
Cheibriados
Dithmenos
Elyvilon
Fedhas
Gozag
Hepliaklqana
Kikubaaqudgha
Makhleb
Nemelex Xobeh
Okawaru
Qazlal
Ru
Sif Muna
Trog
Uskayaw
Vehumet
Wu Jian
Xom
Yredelemnul
Zin
The Shining One
Jiyva
Lugonu


Innate Abilities, Weirdness & Mutations

You have very sharp teeth.
Your uncanny sense of smell can sniff out nearby items.
Your experience applies equally to all skills.


Message History

Really walk into that cloud of poison gas?
Okay, then.
You feel better.
Your small abomination misses the green draconian monk.
Your small abomination hits the green draconian monk!
The green draconian monk hits you!! The green draconian monk kicks you!
* * * LOW HITPOINT WARNING * * *
The green draconian monk closely misses you.
The green draconian monk tail-slaps you.
* * * LOW HITPOINT WARNING * * *
You are lethally poisoned!
The green draconian monk poisons you!
You feel better.
Your small abomination misses the green draconian monk.
Your small abomination hits the green draconian monk.
The green draconian monk hits you!!
* * * LOW HITPOINT WARNING * * *
The green draconian monk kicks you but does no damage.
The green draconian monk tail-slaps you but does no damage.
The green draconian monk tail-slaps you.
* * * LOW HITPOINT WARNING * * *
As you read the scroll of fear, it crumbles to dust.
You assume a fearsome visage.
The green draconian monk looks frightened!
Your small abomination hits the green draconian monk!
Your small abomination closely misses the green draconian monk.
A nagaraja comes into view. It is wielding a +0 halberd.
The green draconian monk hits your small abomination!!
Your small abomination is destroyed!
Your small abomination dissolves into shadows!
Your small abomination closely misses the green draconian monk.
Your small abomination misses the green draconian monk.
Your small abomination barely misses the green draconian monk.
The green draconian monk seems to regain its courage.
Your small abomination barely misses the green draconian monk.
Your small abomination hits the green draconian monk!
The green draconian monk breathes poison at you.
The blast of poison engulfs you!
You are lethally poisoned!
You die...

∆∆ ∆∆ ∆∆ ∆∆ ∆∆ ∆∆ ∆∆
∆∆
##################+#
......)...)........#
....)...).).....@..#
#++##############☼.#
∆∆∆∆ ∆∆ ∆∆#○)# ∆∆
∆∆#§.# #qx# #N.#
#..# #..# #..#


You could see a green draconian monk (catching breath, ally target), a nagaraja
(fast) and a friendly small abomination (summoned).

Vanquished Creatures
  A green draconian (D)
  2 deep elf annihilators (D)
  A white draconian (D)
  A deep elf demonologist (D)
  A purple draconian (D)
  2 deep elf death magi (D)
  A deep elf high priest (D)
  A boulder beetle (D)
  A sea snake (D)
  2 wizards (D)
  A lindwurm (D)
  2 phantasmal warriors (D)
  A deep elf zephyrmancer (D)
  An orc knight (D)
  A necromancer (D)
  2 manticores (D)
  2 demonic crawlers (D)
  A black mamba (D)
  2 naga magi (D)
  A molten gargoyle (D)
  2 cane toads (D)
  3 rime drakes (D)
  Psyche (D)
  2 freezing wraiths (D)
  2 red devils (D)
  2 tyrant leeches (D)
  Grinder (D)
  5 dream sheep (D)
  Sigmund (D)
  An air elemental (D)
  A ynoxinul (D)
  A wyvern (D)
  A wraith (D)
  A steam dragon (D)
  3 redbacks (D)
  Edmund (D)
  3 acid dragons (D)
  5 floating eyes (D)
  2 sky beasts (D)
  A centaur (D)
  2 bullfrogs (D)
  4 killer bees (D)
  A quasit (D)
  An orc priest (D)
  3 gnoll boudas (D)
  An orc wizard (D)
  5 gnolls (D)
  An adder (D)
  A white imp (D)
  An ufetubus (D)
  An adder skeleton (D)
  2 adder zombies (D)
  4 orcs (D)
  2 bat skeletons (D)
  2 bat zombies (D)
  A giant cockroach (D)
  A hobgoblin (D)
  A kobold (D)
  2 frilled lizards (D)
  A giant cockroach simulacrum (D)
  A quokka zombie (D)
  A rat (D)
105 creatures vanquished.

Vanquished Creatures (others)
  An iguana (D)
  An adder skeleton (D)
2 creatures vanquished.

Grand Total: 107 creatures vanquished

Notes
Turn   | Place    | Note
-------+----------+-------------------------------------------
     0 | D        | rocky1 the Gnoll Wanderer began the quest for the Orb.
     0 | D        | rocky1 set off with the following items: a +0 dagger, 11
                  | poisoned darts, 2 potions of berserk rage, a +0 robe, a
                  | potion of curing, a potion of heal wounds, a potion of
                  | haste, 2 potions of magic, a scroll of blinking; and the
                  | following spell memorised: Slow; and the following spells
                  | available to memorise: Searing Ray, Tukima's Dance,
                  | Momentum Strike, Dazzling Flash.
     0 | D        | Reached XP level 1. HP: 13/13 MP: 8/8
    11 | D        | Noticed a floating eye
    13 | D        | Paralysed by a floating eye for 3 turns
    21 | D        | Paralysed by a floating eye for 2 turns
    24 | D        | Killed a floating eye
    25 | D        | Reached skill level 9 in Throwing
    25 | D        | Reached XP level 2. HP: 24/24 MP: 8/10
    25 | D        | Reached XP level 3. HP: 29/29 MP: 9/12
    25 | D        | Reached XP level 4. HP: 35/35 MP: 9/13
    51 | D        | Found a bloodstained altar of Trog.
    51 | D        | Found a shimmering blue altar of Sif Muna.
    51 | D        | Found a viscous altar of Jiyva.
    51 | D        | Found a hazy altar of Hepliaklqana.
    51 | D        | Found an opulent altar of Gozag.
    52 | D        | Found a glowing golden altar of the Shining One.
    52 | D        | Found a glowing silver altar of Zin.
    52 | D        | Found a basalt altar of Yredelemnul.
    52 | D        | Found a shimmering altar of Xom.
    52 | D        | Found an ornate altar of the Wu Jian Council.
    52 | D        | Found a sacrificial altar of Ru.
    52 | D        | Found a stormy altar of Qazlal.
    52 | D        | Found an iron altar of Okawaru.
    52 | D        | Found a sparkling altar of Nemelex Xobeh.
    52 | D        | Found a burning altar of Makhleb.
    52 | D        | Found a blossoming altar of Fedhas.
    52 | D        | Found a white marble altar of Elyvilon.
    52 | D        | Found a shadowy altar of Dithmenos.
    52 | D        | Found a snail-covered altar of Cheibriados.
    55 | D        | Found a corrupted altar of Lugonu.
    55 | D        | Found a radiant altar of Vehumet.
    56 | D        | Found an ancient bone altar of Kikubaaqudgha.
    56 | D        | Found a hide-covered altar of Uskayaw.
    56 | D        | Found a broken altar of Ashenzari.
    63 | D        | Became a worshipper of Cheibriados the Contemplative
    77 | D        | Noticed a floating eye
    82 | D        | Killed a floating eye
    83 | D        | Reached skill level 5 in Hexes
    83 | D        | Reached XP level 5. HP: 41/42 MP: 13/15
    87 | D        | Reached * piety under Cheibriados
   198 | D        | Noticed a floating eye
   201 | D        | Paralysed by a floating eye for 3 turns
   204 | D        | Killed a floating eye
   205 | D        | Reached skill level 5 in Invocations
   205 | D        | Reached XP level 6. HP: 49/49 MP: 15/17
   207 | D        | Reached ** piety under Cheibriados
   236 | D        | Reached *** piety under Cheibriados
   354 | D        | Noticed Sigmund
   354 | D        | Noticed a sky beast
   358 | D        | Noticed a floating eye
   366 | D        | Paralysed by a floating eye for 2 turns
   369 | D        | Paralysed by a floating eye for 3 turns
   375 | D        | Paralysed by a floating eye for 4 turns
   379 | D        | Killed a sky beast
   380 | D        | Reached skill level 5 in Fighting
   380 | D        | Reached skill level 5 in Short Blades
   380 | D        | Reached skill level 5 in Long Blades
   380 | D        | Reached skill level 5 in Axes
   380 | D        | Reached skill level 5 in Maces & Flails
   380 | D        | Reached skill level 5 in Polearms
   380 | D        | Reached skill level 5 in Staves
   380 | D        | Reached skill level 5 in Ranged Weapons
   380 | D        | Reached skill level 10 in Throwing
   380 | D        | Reached skill level 5 in Armour
   380 | D        | Reached skill level 5 in Dodging
   380 | D        | Reached skill level 5 in Stealth
   380 | D        | Reached skill level 5 in Shields
   380 | D        | Reached skill level 5 in Unarmed Combat
   380 | D        | Reached skill level 5 in Evocations
   382 | D        | Paralysed by a floating eye for 4 turns
   386 | D        | Killed a floating eye
   386 | D        | Reached **** piety under Cheibriados
   387 | D        | Reached skill level 5 in Conjurations
   387 | D        | Reached XP level 7. HP: 35/56 MP: 17/19
   390 | D        | Killed Sigmund
   513 | D        | Learned a level 2 spell: Searing Ray
   517 | D        | Learned a level 3 spell: Tukima's Dance
   530 | D        | Noticed a molten gargoyle
   532 | D        | Killed a molten gargoyle
   533 | D        | Reached skill level 5 in Summonings
   533 | D        | Reached skill level 5 in Necromancy
   533 | D        | Reached skill level 5 in Translocations
   533 | D        | Reached skill level 5 in Transmutations
   533 | D        | Reached skill level 5 in Fire Magic
   533 | D        | Reached skill level 5 in Ice Magic
   533 | D        | Reached skill level 5 in Air Magic
   533 | D        | Reached skill level 5 in Earth Magic
   533 | D        | Reached skill level 5 in Poison Magic
   533 | D        | Reached XP level 8. HP: 35/65 MP: 9/21
   669 | D        | Reached ***** piety under Cheibriados
   696 | D        | Noticed a phantasmal warrior
   700 | D        | Reached skill level 10 in Spellcasting
   702 | D        | Killed a phantasmal warrior
   703 | D        | Reached skill level 11 in Throwing
   703 | D        | Reached XP level 9. HP: 29/72 MP: 12/23
   978 | D        | Noticed a boulder beetle
   978 | D        | Noticed a freezing wraith
   985 | D        | Killed a boulder beetle
   986 | D        | Killed a freezing wraith
  1084 | D        | Noticed a tyrant leech
  1085 | D        | Noticed a deep elf zephyrmancer
  1093 | D        | Killed a tyrant leech
  1100 | D        | Killed a deep elf zephyrmancer
  1101 | D        | Reached skill level 12 in Throwing
  1112 | D        | Reached XP level 10. HP: 42/82 MP: 25/25
  1351 | D        | Noticed a cane toad
  1351 | D        | Noticed a demonic crawler
  1353 | D        | Killed a cane toad
  1367 | D        | Killed a demonic crawler
  1547 | D        | Noticed Grinder
  1550 | D        | Reached skill level 10 in Invocations
  1553 | D        | Killed Grinder
  1560 | D        | Noticed Psyche
  1568 | D        | Killed Psyche
  1569 | D        | Noticed a cane toad
  1575 | D        | Killed a cane toad
  1669 | D        | Noticed a manticore
  1678 | D        | Killed a manticore
  1678 | D        | Reached ****** piety under Cheibriados
  1846 | D        | Noticed a sea snake
  1846 | D        | Paralysed by an air elemental for 1 turns
  1851 | D        | Reached skill level 10 in Fighting
  1851 | D        | Reached skill level 10 in Short Blades
  1851 | D        | Reached skill level 10 in Long Blades
  1851 | D        | Reached skill level 10 in Axes
  1851 | D        | Reached skill level 10 in Maces & Flails
  1851 | D        | Reached skill level 10 in Polearms
  1851 | D        | Reached skill level 10 in Staves
  1851 | D        | Reached skill level 10 in Ranged Weapons
  1851 | D        | Reached skill level 13 in Throwing
  1851 | D        | Reached skill level 10 in Armour
  1851 | D        | Reached skill level 10 in Dodging
  1851 | D        | Reached skill level 10 in Stealth
  1851 | D        | Reached skill level 10 in Shields
  1851 | D        | Reached skill level 10 in Unarmed Combat
  1851 | D        | Reached skill level 10 in Evocations
  1851 | D        | Reached XP level 11. HP: 56/90 MP: 15/27
  1851 | D        | Killed a sea snake
  1962 | D        | Noticed a lindwurm
  1962 | D        | Noticed Edmund
  1967 | D        | Killed a lindwurm
  1967 | D        | Killed Edmund
  2147 | D        | Noticed a phantasmal warrior
  2156 | D        | Reached skill level 10 in Hexes
  2159 | D        | Killed a phantasmal warrior
  2239 | D        | Noticed a wizard
  2259 | D        | Killed a wizard
  2322 | D        | Noticed an orc knight
  2332 | D        | Killed an orc knight
  2389 | D        | Noticed a manticore
  2389 | D        | Noticed a necromancer
  2398 | D        | Killed a necromancer
  2399 | D        | Reached skill level 14 in Throwing
  2400 | D        | Killed a manticore
  2495 | D        | Reached skill level 10 in Conjurations
  2495 | D        | Reached XP level 12. HP: 65/100 MP: 18/29
  2642 | D        | Noticed an ogre mage
  2645 | D        | Noticed a purple draconian
  2660 | D        | Killed a purple draconian
  2669 | D        | Noticed a deep elf annihilator
  2669 | D        | Noticed a deep elf high priest
  2669 | D        | Noticed a deep elf death mage
  2670 | D        | Noticed a green draconian monk
  2670 | D        | Noticed a white draconian
  2672 | D        | Killed a deep elf high priest
  2673 | D        | Reached skill level 10 in Summonings
  2673 | D        | Reached skill level 10 in Necromancy
  2673 | D        | Reached skill level 10 in Translocations
  2673 | D        | Reached skill level 10 in Transmutations
  2673 | D        | Reached skill level 10 in Fire Magic
  2673 | D        | Reached skill level 10 in Ice Magic
  2673 | D        | Reached skill level 10 in Air Magic
  2673 | D        | Reached skill level 10 in Earth Magic
  2673 | D        | Reached skill level 10 in Poison Magic
  2674 | D        | Killed a deep elf annihilator
  2674 | D        | Noticed a nagaraja
  2679 | D        | Noticed a deep elf annihilator
  2680 | D        | Killed a white draconian
  2680 | D        | Noticed a red draconian
  2681 | D        | Killed a deep elf death mage
  2685 | D        | Noticed a deep elf death mage
  2687 | D        | HP: 3/102 [deep elf annihilator/poison arrow (41)]
  2904 | D        | Noticed a green draconian
  2934 | D        | Killed a green draconian
  3040 | D        | Killed a deep elf death mage
  3154 | D        | Noticed a deep elf demonologist
  3162 | D        | Noticed a sun demon
  3167 | D        | Killed a deep elf demonologist
  3181 | D        | Killed a deep elf annihilator
  3182 | D        | Reached skill level 15 in Throwing
  3228 | D        | Noticed a nagaraja
  3230 | D        | Killed from afar by a green draconian monk

Illustrated notes

Levels and vault maps discovered:
D:        pitsprint [storerooms_1, entrance_room_1, metal_vault_4, armoury_1,
          mini_pit_1, grid_room_1, main_hall_1, silver_pit, the_coven_3,
          the_vestibule_1, steel_vault_1, golden_pit, hallway_of_sentries,
          crystal_vault_6, iron_vault_1, final_vault]

Skill      XL: |  1  2  3  4  5  6  7  8  9 10 11 12 |
---------------+-------------------------------------+-----
Fighting       | 3 4 5 6 7 8 10 11 12 | 12.6
Short Blades   | 3 4 5 6 7 8 10 11 12 | 12.6
Long Blades    | 3 4 5 6 7 8 10 11 12 | 12.6
Axes           | 3 4 5 6 7 8 10 11 12 | 12.6
Maces & Flails | 3 4 5 6 7 8 10 11 12 | 12.6
Polearms       | 3 4 5 6 7 8 10 11 12 | 12.6
Staves         | 3 4 5 6 7 8 10 11 12 | 12.6
Ranged Weapons | 3 4 5 6 7 8 10 11 12 | 12.6
Throwing       | 9 10 11 12 13 14 15 | 15.0
Armour         | 3 4 5 6 7 8 10 11 12 | 12.6
Dodging        | 3 4 5 6 7 8 10 11 12 | 12.6
Stealth        | 3 4 5 6 7 8 10 11 12 | 12.6
Shields        | 3 4 5 6 7 8 10 11 12 | 12.6
Unarmed Combat | 3 4 5 6 7 8 10 11 12 | 12.6
Conjurations   | 3 4 5 6 7 8 10 | 10.9
Hexes          | 4 5 6 7 8 9 10 11 | 11.3
Summonings     | 2 3 4 5 6 7 8 9 10 | 10.7
Necromancy     | 2 3 4 5 6 7 8 9 10 | 10.7
Translocations | 2 3 4 5 6 7 8 9 10 | 10.7
Transmutations | 2 3 4 5 6 7 8 9 10 | 10.7
Fire Magic     | 2 3 4 5 6 7 8 9 10 | 10.7
Ice Magic      | 2 3 4 5 6 7 8 9 10 | 10.7
Air Magic      | 2 3 4 5 6 7 8 9 10 | 10.7
Earth Magic    | 2 3 4 5 6 7 8 9 10 | 10.7
Poison Magic   | 2 3 4 5 6 7 8 9 10 | 10.7
Invocations    | 3 4 5 6 7 8 9 10 12 13 | 13.7
Evocations     | 3 4 5 6 7 8 10 11 12 | 12.6
Spellcasting   | 8 9 10 11 12 13 14 | 14.3

Action                   |  1- 3 |  4- 6 |  7- 9 | 10-12 || total
-------------------------+-------+-------+-------+-------++-------
Melee: Dagger            |     9 |       |       |       ||     9
       Bite              |     1 |     6 |    10 |    19 ||    36
       Hand axe          |       |    22 |       |       ||    22
       Punch             |       |     2 |       |       ||     2
       Mace              |       |    16 |    57 |       ||    73
       Halberd           |       |       |    23 |   142 ||   165
       Broad axe         |       |       |       |     2 ||     2
Throw: Dart              |       |     5 |     4 |     7 ||    16
Invok: Slouch            |       |       |     7 |    30 ||    37
  Use: Potion            |       |       |     2 |    14 ||    16
       Scroll            |       |       |       |     5 ||     5
 Stab: Sleeping          |       |     2 |       |     8 ||    10
       Invisible         |       |       |     6 |       ||     6
       Distracted        |       |       |       |     2 ||     2
Armor: Robe              |       |     3 |       |       ||     3
       Chain mail        |       |    22 |    38 |       ||    60
       Acid dragon scale |       |       |       |    57 ||    57
Dodge: Dodged            |       |    19 |    74 |   151 ||   244

Table legend: (Time is in decaauts)
 A = Elapsed time spent in this place.
 B = Non-inter-level travel time spent in this place.
 C = Inter-level travel time spent in this place.
 D = Time resting spent in this place.
 E = Time spent auto-exploring this place.
 F = Levels seen in this place.
 G = Mean time per level.
                   A        B        C        D        E       F      G
               +--------+--------+--------+--------+--------+-----+--------+
         Total |   3808 |   3593 |    215 |   1986 |      0 |   1 | 3808.0 |
       Dungeon |   3808 |   3593 |    215 |   1986 |      0 |   1 | 3808.0 |
               +--------+--------+--------+--------+--------+-----+--------+

Top non-repeatable levels by time:
       D: 3808 daAuts
